 Dungeon Crawl Stone Soup version 0.21.0-3-g78d12a8 (webtiles) character file.

2837 HungrySpirit the Fighter (level 9, 0/96 HPs)
             Began as an Ogre Hunter on Jan 13, 2018.
             Succumbed to Dowan's poison
             ... on level 6 of the Dungeon.
             The game lasted 00:15:36 (10366 turns).

HungrySpirit the Fighter (Ogre Hunter)             Turns: 10366, Time: 00:15:37

Health: 0/96       AC:  4    Str: 28    XL:     9   Next: 74%
Magic:  9/9        EV: 10    Int: 15    God:
Gold:   47         SH:  0    Dex: 10    Spells: 8/8 levels left

rFire    + . .     SeeInvis .   i - +0 flail
rCold    x . .     Gourm    .   (no shield)
rNeg     . . .     Faith    +   b - +0 robe
rPois    .         Spirit   .   (helmet restricted)
rElec    .         Reflect  .   y - +0 cloak
rCorr    .         Harm     .   (gloves unavailable)
MR       .....                  (boots unavailable)
Stlth    +.........             q - amulet of faith
HPRegen  0.26/turn              (no ring)
MPRegen  0.11/turn              v - ring of Symmetry {Fire *Contam Str+3 Int+3}

@: mighty, lethally poisoned (0 -> -7), hasted, very quick
A: large, unfitting armour, tough skin 1
a: no special abilities


You were on level 6 of the Dungeon.
You were hungry.

You visited 2 branches of the dungeon, and saw 8 of its levels.

You collected 287 gold pieces.
You spent 240 gold pieces at shops.

Inventory:

Hand Weapons
 i - a +0 flail (weapon)
Armour
 b - a +0 robe (worn)
 m - a cursed +0 shield
 y - a +0 cloak (worn)
Jewellery
 k - an uncursed ring of wizardry
 q - an amulet of faith (around neck)
 v - the ring of Symmetry (right hand) {Fire *Contam Str+3 Int+3}
   (You found it on level 4 of the Dungeon)

   [ring of fire]

   It enhances your fire magic.
   It affects your strength (+3).
   It affects your intelligence (+3).
   It protects you from fire.
   It makes you vulnerable to cold.
   It causes magical contamination when unequipped.
Scrolls
 d - 2 scrolls of remove curse
 e - a scroll of enchant weapon
 l - a scroll of immolation
 n - 4 scrolls of identify
 p - 3 scrolls of teleportation
 s - a scroll of summoning
 u - 2 scrolls of blinking
 w - a scroll of noise
 x - a scroll of amnesia
 z - a scroll of fear
Potions
 c - a potion of brilliance
Comestibles
 a - 4 chunks of flesh
 f - 7 rations


   Skills:
 - Level 8.0 Fighting
 * Level 8.0 Maces & Flails
 - Level 6.0 Throwing
 + Level 5.1 Armour
 - Level 1.7 Dodging
 - Level 0.6 Stealth


You had 8 spell levels left.
You didn't know any spells.

Dungeon Overview and Level Annotations

Branches:
Dungeon (7/15)             Temple (1/1) D:4

Altars:
Ashenzari
Cheibriados
Elyvilon
Kikubaaqudgha
Makhleb
Okawaru
Qazlal
Ru
Sif Muna
Trog
Uskayaw
Vehumet
Xom
Yredelemnul
Zin
The Shining One

Shops:
D:6 ?(

Annotations:
D:6 Duvessa
D:7 mtoz's ghost, novice MiBe


Innate Abilities, Weirdness & Mutations

You are too large for most types of armour.
You have tough skin. (AC +1)


Message History

Dowan is almost dead.
* * * LOW HITPOINT WARNING * * *
You feel sick. Duvessa closely misses you.
You sock Dowan!
You kill Dowan!
Duvessa weeps, then rights herself and shakes her weapon.
Duvessa goes berserk!
* * * LOW HITPOINT WARNING * * *
You feel sick. Duvessa barely misses you.
You hit Duvessa but do no damage.
Duvessa is severely wounded.
Duvessa hits you but does no damage.
You barely miss Duvessa.
Duvessa is severely wounded.
* * * LOW HITPOINT WARNING * * *
You feel sick. Duvessa hits you with a short sword.
* * * LOW HITPOINT WARNING * * *
You hit Duvessa.
Duvessa is severely wounded.
You die...

#.# #........###.####.#
##.#########.###.#.#####.#
#.......# #.# ##.## #...#
#.......# #.# ### #.###
##.......# ##'## #.#
#........###.(.## #.#
##.......##.....## #.#
#.......#().....## ##.##
##........@.......####...##
#..........e......'........
##....###.........####...##
##..#.# ##.......######.###
##.#.#.# ##.....## #......#
##.###..# ##...## #.##.#.#
#.## ##.# ##'## #.##...#
##.###.## #.######.####.#
##.#.## #.#.......###.#


You could see Duvessa (berserk).

Vanquished Creatures
  A gargoyle (D:7)
  A hippogriff (D:7)
  Grinder (D:4)
  Sigmund (D:3)
  A hungry ghost (D:7)
  A water moccasin (D:6)
  2 ice beasts (D:4)
  A phantom (D:6)
  4 centaurs (D:6)
  4 bullfrogs
  Dowan (D:6)
  A scorpion (D:6)
  A centaur zombie (D:5)
  2 crimson imps
  2 hounds (D:4)
  4 orc priests
  2 bullfrog skeletons
  A centaur skeleton (D:7)
  An iguana (D:4)
  5 orc wizards
  2 worker ants
  A hound skeleton (D:2)
  Robin (D:3)
  8 adders
  A howler monkey skeleton (D:4)
  2 shadow imps
  2 oozes
  An adder skeleton (D:6)
  3 worms
  2 dart slugs (D:1)
  6 leopard geckos
  19 orcs
  8 giant cockroaches
  20 goblins
  9 hobgoblins
  8 jackals
  12 kobolds
  2 quokkas
  9 bats
  5 frilled lizards
  A quokka skeleton (D:5)
  9 rats
168 creatures vanquished.

Notes
Turn   | Place    | Note
-------+----------+-------------------------------------------
     0 | D:1      | HungrySpirit the Ogre Hunter began the quest for the Orb.
     0 | D:1      | Reached XP level 1. HP: 22/22 MP: 1/1
    80 | D:1      | Reached XP level 2. HP: 6/31 MP: 2/2
   562 | D:1      | Reached skill level 1 in Maces & Flails
   566 | D:1      | Reached XP level 3. HP: 27/37 MP: 3/3
   647 | D:1      | Reached skill level 1 in Armour
  1480 | D:2      | Reached XP level 4. HP: 42/48 MP: 4/4
  1924 | D:2      | Noticed a dagger
  1925 | D:2      | Noticed a hand axe
  1927 | D:2      | Found a hide-covered altar of Uskayaw.
  2515 | D:3      | Noticed Robin
  2552 | D:3      | Reached XP level 5. HP: 22/54 MP: 5/5
  2704 | D:3      | Found an iron altar of Okawaru.
  3020 | D:3      | Noticed Sigmund
  3029 | D:3      | Found a glowing drain.
  3058 | D:3      | Killed Sigmund
  3058 | D:3      | Reached XP level 6. HP: 40/65 MP: 6/6
  3063 | D:3      | Killed Robin
  3064 | D:3      | Reached skill level 5 in Fighting
  4075 | D:4      | Noticed an ice beast
  4080 | D:4      | Killed an ice beast
  4080 | D:4      | Reached XP level 7. HP: 72/72 MP: 7/7
  4138 | D:4      | Found a staircase to the Ecumenical Temple.
  4153 | D:4      | Noticed Grinder
  4158 | D:4      | Killed Grinder
  4158 | D:4      | Reached skill level 5 in Throwing
  4713 | Temple   | Entered the Ecumenical Temple
  5155 | D:4      | Reached XP level 8. HP: 72/83 MP: 8/8
  5253 | D:4      | Reached skill level 5 in Maces & Flails
  5777 | D:4      | Found a shattered altar of Ashenzari.
  5779 | D:4      | Found a radiant altar of Vehumet.
  5820 | D:5      | Entered Level 5 of the Dungeon
  6113 | D:5      | Found a stormy altar of Qazlal.
  6339 | D:5      | Found a burning altar of Makhleb.
  6340 | D:5      | Found a glowing silver altar of Zin.
  6340 | D:5      | Noticed an angel
  6341 | D:5      | Noticed a green death
  6372 | D:4      | Got a flickering platinum ring
  6373 | D:4      | Identified the ring of Symmetry {Fire *Contam Str+3 Int+3} (You found it on level 4 of the Dungeon)
  6831 | D:6      | Found Qieryoc's Antique Weapon Boutique.
  7538 | D:6      | Reached XP level 9. HP: 73/93 MP: 9/9
  8293 | D:6      | Found Cale's Magic Scroll Shop.
  8299 | D:6      | Bought a scroll of fear for 42 gold pieces
  8299 | D:6      | Bought a scroll of blinking for 90 gold pieces
  8299 | D:6      | Bought 2 scrolls of identify for 48 gold pieces
  8299 | D:6      | Bought a scroll of teleportation for 36 gold pieces
  8299 | D:6      | Bought a scroll of identify for 24 gold pieces
  8817 | D:7      | Noticed a gargoyle
  9092 | D:7      | Noticed mtoz's ghost (novice MiBe)
  9548 | D:7      | Killed a gargoyle
  9552 | D:7      | Reached skill level 5 in Armour
  9557 | D:7      | Noticed Duvessa
 10237 | D:7      | Noticed Dowan
 10363 | D:6      | Killed Dowan
 10365 | D:6      | HP: 1/96 [Duvessa/short sword (4)]
 10366 | D:6      | Succumbed to Dowan's poison

Skill      XL: |  1  2  3  4  5  6  7  8  9 |
---------------+----------------------------+-----
Fighting       | 3 4 5 6 7 8 |  8.0
Maces & Flails | 1 2 3 4 6 8 |  8.0
Armour         | 1 2 3 4 5 |  5.1
Throwing       | 5 6 |  6.0
Dodging        | |  1.7
Stealth        | |  0.6

Action                   |  1- 3 |  4- 6 |  7- 9 || total
-------------------------+-------+-------+-------++-------
Melee: Short sword       |    19 |       |       ||    19
       Club              |   126 |   189 |       ||   315
       Flail             |       |    41 |   312 ||   353
Throw: Large rock        |    15 |    21 |    42 ||    78
       Throwing net      |     4 |       |     2 ||     6
  Use: Potion            |       |     3 |     7 ||    10
       Scroll            |       |     1 |    10 ||    11
 Stab: Held in net/web   |     1 |       |       ||     1
       Sleeping          |     1 |     2 |       ||     3
       Distracted        |       |     1 |       ||     1
  Eat: Chunk             |     2 |     8 |    12 ||    22
       Ration            |       |       |     3 ||     3
Armor: Robe              |    63 |    81 |    75 ||   219
Dodge: Dodged            |   115 |   149 |   221 ||   485
